 Dungeon Crawl Stone Soup version 0.23.1-41-g7e51ed32d8 (webtiles) character file.

Game seed: 9826553689008940150

191 Oninnaise the Skirmisher (level 5, -3/42 HPs)
             Began as a Demonspawn Fighter on Mar 29, 2019.
             Was a Follower of Makhleb.
             Slain by Pikel
             ... wielding a +1 whip of flaming
              (6 damage)
             ... on level 4 of the Dungeon.
             The game lasted 00:06:29 (2943 turns).

Oninnaise the Skirmisher (Demonspawn Fighter)       Turns: 2943, Time: 00:06:30

Health: -3/42      AC:  7    Str: 22    XL:     5   Next: 41%
Magic:  0/5        EV:  7    Int:  9    God:    Makhleb [*.....]
Gold:   222        SH:  9    Dex: 13    Spells: 4/4 levels left

rFire    . . .     SeeInvis .   a - +0 flail
rCold    . . .     Gourm    .   c - +0 shield
rNeg     . . .     Faith    .   b - +0 scale mail
rPois    +         Spirit   +   (no helmet)
rElec    .         Reflect  .   (no cloak)
rCorr    .         Harm     .   (no gloves)
MR       .....     Rnd*Rage +   (no boots)
Stlth    ..........             (no amulet)
HPRegen  0.14/turn              k - ring of poison resistance
MPRegen  0.09/turn              (no ring)

@: mighty
A: claws 2, berserk 1, sense surroundings 1, magic shield
a: Renounce Religion


You were on level 4 of the Dungeon.
You worshipped Makhleb.
Makhleb was aware of your devotion.
You were not hungry.

You visited 1 branch of the dungeon, and saw 4 of its levels.

You collected 222 gold pieces.

Inventory:

Hand Weapons
 a - a +0 flail (weapon)
Armour
 b - a +0 scale mail (worn)
 c - a +0 shield (worn)
Jewellery
 k - a ring of poison resistance (left claw)
Scrolls
 f - a scroll of identify
 j - 2 scrolls of remove curse
 m - 2 scrolls of teleportation
Potions
 e - a potion of curing
Comestibles
 o - 2 rations


   Skills:
 * Level 4.2 Fighting
 + Level 2.6 Maces & Flails
 * Level 3.9 Armour
 + Level 3.3 Shields


You had 4 spell levels left.
You didn't know any spells.
Your spell library was empty.

Dungeon Overview and Level Annotations

Branches:
Dungeon (4/15)
 Temple: D:4-7

Altars:
Cheibriados
Makhleb

Annotations:
D:4 Pikel


Innate Abilities, Weirdness & Mutations

You have very sharp fingernails.
When hurt, damage is shared between your health and your magic reserves.
You tend to lose your temper in combat.
You passively map a small area around you.


Message History

You hit Pikel.
Pikel is lightly wounded.
You block Pikel's attack. Pikel hits you but does no damage.
You hit Pikel.
Pikel is moderately wounded.
Pikel hits you but does no damage.
You hit Pikel.
Pikel is moderately wounded.
Pikel closely misses you. You block Pikel's attack.
You closely miss Pikel.
Pikel is moderately wounded.
Pikel cracks his whip.
Pikel closely misses you.
Your shield and scale mail prevent you from hitting Pikel.
Pikel is moderately wounded.
Pikel hits you but does no damage.
You sock Pikel!
Pikel is severely wounded.
Pikel hits you with a +1 whip of flaming!
You die...

* * * * * ,
..K., , , ,
,,...#** *
#..## * ,
...., , * *
###Z.# *
.pp.#.#
#.#####K##<#
, ,
........@#.#
,
#.#####..#.#
* #..#.# ,
#..#.# * ,*
#..#.### **
#......# *
##..#..#
##.###.## ,
#.####.##
##.#


You could see Pikel, 2 slaves and a hound skeleton.

Vanquished Creatures
  A hound (D:2)
  Ijyb (D:3)
  A centaur skeleton (D:4)
  3 adders
  An adder skeleton (D:3)
  4 leopard geckos
  An orc (D:3)
  8 giant cockroaches
  11 hobgoblins
  5 jackals
  7 kobolds
  A quokka (D:4)
  2 ball pythons
  6 bats
  6 frilled lizards
  5 goblins
  7 rats
70 creatures vanquished.

Notes
Turn   | Place    | Note
-------+----------+-------------------------------------------
     0 | D:1      | Oninnaise the Demonspawn Fighter began the quest for the
                  | Orb.
     0 | D:1      | Reached XP level 1. HP: 18/18 MP: 1/1
   115 | D:1      | Gained mutation: You have sharp fingernails. [demonic
                  | ancestry]
   115 | D:1      | Reached XP level 2. HP: 19/24 MP: 2/2
   208 | D:1      | You fall through a shaft!
   625 | D:1      | Reached XP level 3. HP: 29/29 MP: 3/3
   878 | D:2      | Found a burning altar of Makhleb.
  1030 | D:2      | Became a worshipper of Makhleb the Destroyer
  1054 | D:2      | Gained mutation: When hurt, damage is shared between your
                  | health and your magic reserves. [demonic ancestry]
  1054 | D:2      | Reached XP level 4. HP: 37/37 MP: 4/4
  1697 | D:2      | Found a snail-covered altar of Cheibriados.
  1913 | D:3      | Reached * piety under Makhleb
  2436 | D:3      | Noticed Ijyb
  2484 | D:3      | Killed Ijyb
  2484 | D:3      | Reached skill level 4 in Fighting
  2484 | D:3      | Gained mutation: You have very sharp fingernails. [demonic
                  | ancestry]
  2484 | D:3      | Reached XP level 5. HP: 30/42 MP: 5/5
  2642 | D:3      | Found a faded altar of an unknown god.
  2754 | D:3      | Gained mutation: You tend to lose your temper in combat.
                  | [potion of mutation]
  2754 | D:3      | Gained mutation: You passively map a small area around you.
                  | [potion of mutation]
  2914 | D:4      | Noticed a slave
  2914 | D:4      | Noticed a slave
  2914 | D:4      | Noticed a slave
  2915 | D:4      | Noticed Pikel
  2920 | D:4      | Noticed a slave
  2937 | D:4      | HP: 2/42 [Pikel/+1 whip of flaming (2)]
  2943 | D:4      | Slain by Pikel

Skill      XL: |  1  2  3  4 |
---------------+-------------+-----
Maces & Flails | 2 |  2.6
Armour         | 3 |  3.9
Shields        | 3 |  3.3
Fighting       | 4 |  4.2

Action                   |  1- 3 |  4- 6 || total
-------------------------+-------+-------++-------
Melee: Flail             |   100 |   177 ||   277
  Use: Scroll            |       |     7 ||     7
       Potion            |       |     7 ||     7
  Eat: Ration            |       |     2 ||     2
Armor: Scale mail        |    46 |    88 ||   134
Dodge: Dodged            |    25 |    55 ||    80
Block: Shield            |    60 |    79 ||   139
